 Dungeon Crawl Stone Soup version 0.26-a0-524-g073066f631 (webtiles) character file.

Game seed: 1073459085146816384

454 Eifo4Ohj9gu9Dob0ohLe the Chopper (level 6, -1/55 HPs)
             Began as a Draconian Berserker on Aug 13, 2020.
             Was a Believer of Trog.
             Slain by a wight
             ... wielding a cursed +2 battleaxe
              (15 damage)
             ... on level 6 of the Dungeon.
             The game lasted 00:32:43 (2992 turns).

Eifo4Ohj9gu9Dob0ohLe the Chopper (DrBe)             Turns: 2992, Time: 00:32:44

Health: -1/55      AC:  6    Str: 21    XL:     6   Next: 76%
Magic:  6/6        EV: 13    Int:  8    God:    Trog [**....]
Gold:   247        SH:  0    Dex: 10    Spells: 5/5 levels left

rFire    . . .     SeeInvis .   b - +2 broad axe (drain)
rCold    . . .     Faith    .   (no shield)
rNeg     . . .     Spirit   .   (armour unavailable)
rPois    .         Reflect  .   (helmet restricted)
rElec    .         Harm     .   (no cloak)
rCorr    .                      (no gloves)
MR       ++...                  (no boots)
Stlth    +.........             (no amulet)
HPRegen  1.18/turn              (no ring)
MPRegen  0.10/turn              (no ring)

@: regenerating, lightly drained
A: unfitting armour, cold-blooded, AC +6
a: Berserk, Trog's Hand, Renounce Religion


You were on level 6 of the Dungeon.
You worshipped Trog.
Trog was pleased with you.
You visited 2 branches of the dungeon, and saw 7 of its levels.

You collected 247 gold pieces.

Inventory:

Hand Weapons
 a - a +0 hand axe
 b - a +2 broad axe of draining (weapon)
 n - a +0 rapier
 p - a +1 dire flail of protection
Missiles
 k - 8 poisoned darts (quivered)
Magical Staves
 c - an uncursed staff of death {unknown}
 g - an uncursed staff of cold {unknown}
Jewellery
 e - a cursed amulet of guardian spirit
 f - a +4 ring of evasion {unknown}
 h - an uncursed ring of poison resistance
 i - an uncursed ring of flight {unknown}
 j - an uncursed ring of wizardry
Wands
 q - a wand of polymorph (9)
Scrolls
 d - 2 scrolls of enchant armour
 l - a scroll of teleportation
Potions
 m - a potion of cancellation {unknown}
 o - a potion of lignification


   Skills:
 + Level 4.9(4.7) Fighting
 + Level 5.3(5.1) Axes
 + Level 4.5(4.3) Dodging
 + Level 1.0(0.8) Stealth


You had 5 spell levels left.
You didn't know any spells.
Your spell library was empty.

Dungeon Overview and Level Annotations

Branches:
Dungeon (6/15)             Temple (1/1) D:5

Altars:
Ashenzari
Cheibriados
Dithmenos
Elyvilon
Gozag
Hepliaklqana
Kikubaaqudgha
Makhleb
Nemelex Xobeh
Okawaru
Qazlal
Ru
Sif Muna
Trog
Uskayaw
Vehumet
Wu Jian
Yredelemnul
Zin
The Shining One


Innate Abilities, Weirdness & Mutations

Your plain brown scales are hard. (AC +6)
You cannot fit into any form of body armour.
You are cold-blooded and may be slowed by cold attacks.


Message History

The wight hits you but does no damage. The wight misses you.
The wight barely misses you.
You hit the wight.
You destroy the wight!
Trog accepts your kill.
Your base Stealth skill increases to level 1!
The wight misses you. The wight barely misses you.
You hit the wight but do no damage. The wight barely misses you.
The wight hits you with a cursed +2 battleaxe!
* * * LOW HITPOINT WARNING * * *
Your skin crawls.
You feel resistant to hostile enchantments.
The wight barely misses you.
You slash the wight!
The wight is heavily damaged.
The wight barely misses you. The wight misses you.
You hit the wight but do no damage.
The wight is heavily damaged.
The wight hits you with a cursed +2 battleaxe!
You die...

...............
######._.##.##.#.
#...# ..... #.#.#
###. #. .# ... #.
.. .. .# #
#####.##....
#.<@z.).....
#.###z...... #.
.#..##. #. .. ?#
#. .#. # #. ....
.. .. .. #. ##
..#


You could see 2 wights.

Vanquished Creatures
  Edmund (D:6)
  An ogre (D:5)
  A wight (D:6)
  A jelly (D:6)
  An iguana (D:5)
  3 worker ants (D:5)
  2 adders (D:3)
  2 shadow imps (D:5)
  A white imp (D:5)
  An ooze (D:2)
  A dart slug (D:1)
  A leopard gecko (D:3)
  3 orcs (D:3)
  2 giant cockroaches
  2 hobgoblins
  9 jackals
  2 quokkas (D:3)
  7 bats
  A frilled lizard (D:2)
  3 goblins
  3 kobolds
  A leopard gecko skeleton (D:4)
  A quokka skeleton (D:6)
  3 rats
  2 plants (D:1)
55 creatures vanquished.

Notes
Turn   | Place    | Note
-------+----------+-------------------------------------------
     0 | D:1      | Eifo4Ohj9gu9Dob0ohLe the Draconian Berserker began the
                  | quest for the Orb.
     0 | D:1      | Reached XP level 1. HP: 19/19 MP: 1/1
   322 | D:2      | Reached XP level 2. HP: 23/26 MP: 2/2
   470 | D:2      | Found a glowing golden altar of the Shining One.
   472 | D:2      | Noticed an angel
   494 | D:2      | Found a basalt altar of Yredelemnul.
   496 | D:2      | Noticed a profane servitor
   877 | D:3      | Reached XP level 3. HP: 30/33 MP: 3/3
  1073 | D:3      | Reached ** piety under Trog
  1545 | D:4      | Found a burning altar of Makhleb.
  1545 | D:4      | Noticed an Executioner
  1549 | D:4      | Noticed an orange demon
  1549 | D:4      | Noticed a ynoxinul
  1714 | D:2      | Found an opulent altar of Gozag.
  1889 | D:2      | Reached XP level 4. HP: 40/40 MP: 4/4
  2098 | D:4      | Noticed a phantom
  2137 | D:5      | Entered Level 5 of the Dungeon
  2239 | D:5      | Reached skill level 4 in Axes
  2247 | D:5      | Found a staircase to the Ecumenical Temple.
  2281 | Temple   | Entered the Ecumenical Temple
  2501 | D:5      | Reached XP level 5. HP: 42/47 MP: 5/5
  2517 | D:5      | Noticed an ogre
  2523 | D:5      | Killed an ogre
  2702 | D:5      | Reached XP level 6. HP: 47/53 MP: 6/6
  2797 | D:6      | Noticed Edmund
  2812 | D:6      | Killed Edmund
  2812 | D:6      | Reached skill level 5 in Axes
  2902 | D:6      | Found a shimmering blue altar of Sif Muna.
  2988 | D:6      | Reached skill level 1 in Stealth
  2992 | D:6      | Slain by a wight

Illustrated notes

Levels and vault maps discovered:
D:1:      dpeg_arrival_arbitrary_b, layout_basic, serial_forest,
          infiniplex_forest_clump_long, infiniplex_forest_lined_corner,
          infiniplex_forest_clump_double, infiniplex_forest_clump_curved,
          infiniplex_forest_clump_double, infiniplex_forest_straight_3,
          infiniplex_forest_end_1, infiniplex_forest_clump_cross,
          infiniplex_forest_diagonal, ashenzari_altar_1
D:2:      layout_basic, grunt_temple_overflow_holy_war,
          nicolae_gozag_seed_capital
D:3:      layout_loops_ring
D:4:      layout_rooms, makhleb_altar_promises_db
D:5:      layout_basic, minmay_temple_entry_sparse_star, chequers_jeans,
          minmay_misc_feat_cross, st_stairs_8
D:6:      layout_loops_cross, overflow_temple_1_default, uniq_edmund
Temple:   kb_temple_of_zot

Skill      XL: |  1  2  3  4  5  6 |
---------------+-------------------+-----
Fighting       | 4 |  4.9
Dodging        | 3 4 |  4.5
Axes           | 4 5 |  5.3
Stealth        | 1 |  1.0

Action                   |  1- 3 |  4- 6 || total
-------------------------+-------+-------++-------
Melee: Hand axe          |   233 |    25 ||   258
       Tailslap          |    40 |     5 ||    45
       Broad axe         |       |    30 ||    30
Invok: Berserk           |     1 |     4 ||     5
       Trog's Hand       |       |     2 ||     2
  Use: Scroll            |     4 |     6 ||    10
       Potion            |     2 |     2 ||     4
Armor: Skin              |    51 |    11 ||    62
Dodge: Dodged            |   112 |    47 ||   159

Table legend: (Time is in decaauts)
 A = Elapsed time spent in this place.
 B = Non-inter-level travel time spent in this place.
 C = Inter-level travel time spent in this place.
 D = Time resting spent in this place.
 E = Time spent auto-exploring this place.
 F = Levels seen in this place.
 G = Mean time per level.
                   A        B        C        D        E       F      G
               +--------+--------+--------+--------+--------+-----+--------+
         Total |   3088 |   2582 |    506 |    177 |      0 |   7 |  441.1 |
       Dungeon |   3004 |   2510 |    494 |    177 |      0 |   6 |  500.7 |
        Temple |     83 |     71 |     12 |      0 |      0 |   1 |   83.0 |
               +--------+--------+--------+--------+--------+-----+--------+

Top non-repeatable levels by time:
     D:3: 817 daAuts
     D:2: 770 daAuts
     D:5: 663 daAuts
     D:1: 298 daAuts
     D:4: 291 daAuts
     D:6: 162 daAuts
  Temple: 83 daAuts
